 Dungeon Crawl Stone Soup version 0.28-a0-1404-g4df0f3684d (webtiles) character file.

Game seed: 6441129121392671768

23501 ambi the Basher (level 12, -5/97 HPs)
             Began as a Demonspawn Berserker on Jan 4, 2022.
             Was an Elder of Trog.
             Slain by a tarantella (9 damage)
             ... on level 1 of the Spider Nest on Jan 5, 2022.
             The game lasted 00:59:19 (15170 turns).

ambi the Basher (Demonspawn Berserker)             Turns: 15170, Time: 00:59:20

Health: -5/97      AC: 17    Str: 22    XL:     12   Next: 72%
Magic:  12/12      EV: 13    Int:  8    God:    Trog [****..]
Gold:   1015       SH:  0    Dex: 18    Spells: 11/11 levels left

rFire   . . .      SeeInvis .   F - +2 dire flail (vorpal)
rCold   + . .      Faith    .   (shield currently unavailable)
rNeg    . . .      Spirit   .   o - +5 scale mail {rC+}
rPois   +          Reflect  .   (helmet restricted)
rElec   .          Harm     .   (no cloak)
rCorr   .          Rampage  .   y - +0 pair of gloves
Will    .....                   e - +2 pair of boots {Stlth+}
Stlth   +++.......              r - amulet of regeneration
HPRegen 1.06/turn               w - ring of poison resistance
MPRegen 0.13/turn               d - +4 ring of protection

@: confused, corroded, on berserk cooldown, slowed, very slow
A: antennae 2, thin skeletal structure 2, demonic guardian 2, condensation
shield
a: Renounce Religion, Berserk, Trog's Hand, Brothers in Arms


You were on level 1 of the Spider Nest.
You worshipped Trog.
Trog was greatly pleased with you.
You visited 4 branches of the dungeon, and saw 16 of its levels.

You collected 1226 gold pieces.
You spent 211 gold pieces at shops.

Inventory:

Hand Weapons
 z - a +2 whip of flaming
 F - a +2 vorpal dire flail (weapon)
 O - a +2 whip of freezing
 P - a +4 spear of venom
Missiles
 G - 3 throwing nets (quivered)
Armour
 b - +0 steam dragon scales
 e - a +2 pair of boots of stealth (worn)
 o - a +5 scale mail of cold resistance (worn)
 y - a +0 pair of gloves (worn)
Jewellery
 d - a +4 ring of protection (right hand)
 k - a +4 ring of slaying
 n - a ring of see invisible
 p - an amulet of magic regeneration
 r - an amulet of regeneration (around neck)
 w - a ring of poison resistance (left hand)
 B - a +6 ring of strength
 Q - a +4 ring of evasion
 S - a ring of protection from fire
 Y - a ring of ice
Wands
 C - a wand of acid (2)
 D - a wand of iceblast (7)
 I - a wand of flame (23)
 W - a wand of paralysis (7)
Scrolls
 g - a scroll of brand weapon {unknown}
 l - a scroll of silence
 q - 2 scrolls of enchant weapon {unknown}
 s - 2 scrolls of magic mapping {unknown}
 u - 3 scrolls of teleportation
 x - a scroll of torment {unknown}
 A - a scroll of amnesia {unknown}
 J - a scroll of noise {unknown}
 M - 2 scrolls of fog {unknown}
 U - a scroll of vulnerability {unknown}
Potions
 a - a potion of mutation {unknown}
 c - 5 potions of curing
 f - 4 potions of haste
 h - a potion of cancellation {unknown}
 i - 2 potions of invisibility {unknown}
 m - a potion of ambrosia
 t - a potion of resistance {unknown}
 v - 4 potions of flight
 E - 2 potions of berserk rage {unknown}
 H - 2 potions of heal wounds
 K - 2 potions of might {unknown}
 L - a potion of brilliance {unknown}
 R - a potion of attraction {unknown}
 T - a potion of experience {unknown}
 V - a potion of lignification
 X - a potion of magic {unknown}


   Skills:
 * Level 9.7 Fighting
 - Level 6.1 Short Blades
 + Level 5.2(9.1) Axes
 * Level 11.6(12.1) Maces & Flails
 + Level 7.5 Armour
 + Level 5.1 Dodging
 + Level 7.0 Stealth
 + Level 3.6 Shields


You had 11 spell levels left.
You didn't know any spells.
Your spell library was empty.

Dungeon Overview and Level Annotations

Branches:
Dungeon (11/15)            Temple (1/1) D:4            Lair (3/6) D:10
 Spider (1/4) Lair:3
  Swamp: Lair:2-4    Shoals: Lair:2-4     Snake: Lair:2-4       Orc: D:9-12

Altars:
Ashenzari
Cheibriados
Dithmenos
Elyvilon
Fedhas
Gozag
Hepliaklqana
Kikubaaqudgha
Makhleb
Nemelex Xobeh
Okawaru
Qazlal
Ru
Sif Muna
Trog
Uskayaw
Vehumet
Wu Jian
Xom
Yredelemnul
Zin
The Shining One

Shops:
D:4 *   D:8 *   D:10 *

Annotations:
Lair:2 exclusion: ice statue


Innate Abilities, Weirdness & Mutations

You have a pair of antennae on your head.
You have a moderately thin skeletal structure. (Dex +4, Stealth++)
A demonic guardian rushes to your aid.
A meltable shield of frost defends you. (SH +4)


Message History

The tarantella touches you but does no damage.
The culicivora bites you!
The culicivora draws strength from your injuries!
The culicivora misses you.
The tarantella touches you but does no damage.
The tarantella barely misses you. The culicivora barely misses you.
The culicivora closely misses you.
The entropy weaver shouts!
You sock the tarantella!
The tarantella is severely wounded.
The tarantella barely misses you. The tarantella closely misses you.
The culicivora bites you!
The culicivora draws strength from your injuries!
The culicivora bites you but does no damage.
The tarantella barely misses you.
The tarantella touches you but does no damage.
The culicivora closely misses you.
You bludgeon the culicivora!!
The culicivora is almost dead.
The tarantella is healed somewhat.
The culicivora bites you.
The culicivora draws strength from your injuries!
The tarantella touches you but does no damage.
The tarantella touches you.
The culicivora bites you but does no damage.
The tarantella touches you. The culicivora bites you!
* * * LOW HITPOINT WARNING * * *
The culicivora draws strength from your injuries!
The tarantella's wounds heal themselves!
The tarantella touches you!
* * * LOW HITPOINT WARNING * * *
A demonic guardian appears!
The culicivora bites you!
* * * LOW HITPOINT WARNING * * *
The culicivora draws strength from your injuries!
The tarantella touches you but does no damage.
The entropy weaver casts a spell at you.
The entropic weave corrodes you! The culicivora bites you.
* * * LOW HITPOINT WARNING * * *
The culicivora draws strength from your injuries!
The tarantella touches you!
You die...

.#........##
...).......#
....s..†...# ####
....s......# #..##
[.#.......####...#
..#........#.#.†####
..#...........4....#
##..............##
#..#^......ss@##
#####.......ss#
#......B..#
#........##
#....##...# .....
....# ... #....# ..
#.#### ##


You could see an entropy weaver, 2 culicivoras, 2 tarantellas and a friendly
orange demon (summoned).

Vanquished Creatures
  Harold (D:7)
  2 hydras
  Erica (D:10)
  A two-headed ogre (D:10)
  An orb spider (Lair:3)
  The ghost of ArthurDent the Chopper, a novice HOFi of Beogh (D:5)
  Pikel (D:4)
  2 black mambas
  7 cane toads
  4 komodo dragons
  A freezing wraith (Lair:2)
  Maggie (D:7)
  A hornet (Lair:3)
  A polar bear (Lair:2)
  A troll (D:10)
  A tarantella (Spider:1)
  Grinder (D:3)
  4 blink frogs (Lair:3)
  Prince Ribbit (D:7)
  A meliai zombie (D:10)
  A culicivora (Spider:1)
  26 yaks
  A wyvern (D:10)
  3 redbacks (Spider:1)
  2 basilisks
  2 steam dragons
  Menkaure (D:7)
  Edmund (D:6)
  2 ice beasts
  13 water moccasins
  3 orc warriors
  A black bear (Lair:3)
  2 sky beasts
  4 necrophages
  3 ogres
  7 centaurs
  A kobold brigand (D:7)
  8 bullfrogs
  2 gnoll sergeants (D:8)
  5 scorpions
  8 killer bees (D:9)
  3 wights (D:7)
  2 howler monkeys
  2 hounds
  A jelly (D:5)
  3 centaur zombies
  A bullfrog skeleton (D:3)
  4 orc priests
  2 gnoll shamans (D:8)
  3 centaur skeletons
  5 iguanas
  A scorpion zombie (D:5)
  6 orc wizards
  A killer bee zombie (D:8)
  A hound zombie (D:5)
  A hound skeleton (D:5)
  Robin (D:3)
  18 gnolls
  A howler monkey zombie (D:10)
  8 adders
  A shadow imp (D:5)
  3 white imps
  An adder zombie (D:4)
  3 worms
  2 dart slugs (D:4)
  25 orcs
  5 bats
  8 endoplasms
  5 giant cockroaches
  9 goblins
  18 hobgoblins
  4 quokkas
  6 ball pythons
  2 frilled lizards
  15 kobolds
  7 rats
308 creatures vanquished.

Vanquished Creatures (collateral kills)
  A komodo dragon (Lair:1)
  A tarantella (Spider:1)
  A jumping spider (Spider:1)
  A basilisk (D:10)
  3 yaks (D:10)
  A steam dragon (D:8)
  3 redbacks (Spider:1)
  A water moccasin (Lair:1)
  A centaur (D:7)
  An orc priest (D:3)
  A gnoll (D:8)
  4 orcs
  2 kobolds
21 creatures vanquished.

Vanquished Creatures (others)
  A gnoll sergeant (D:9)
  A bush (D:10)
  6 fungi (D:10)
  27 plants
35 creatures vanquished.

Grand Total: 364 creatures vanquished

Notes
Turn   | Place    | Note
-------+----------+-------------------------------------------
     0 | D:1      | ambi the Demonspawn Berserker began the quest for the Orb.
     0 | D:1      | Reached XP level 1. HP: 18/18 MP: 1/1
   452 | D:1      | Gained mutation: You have a somewhat thin skeletal
                  | structure. (Dex +2, Stealth+) [demonic ancestry]
   452 | D:1      | Reached XP level 2. HP: 24/24 MP: 2/2
   578 | D:1      | Found a faded altar of an unknown god.
   955 | D:1      | Gained mutation: You have a pair of small antennae on your
                  | head. [demonic ancestry]
   955 | D:1      | Reached XP level 3. HP: 29/29 MP: 3/3
  1203 | D:2      | Found a basalt altar of Yredelemnul.
  1579 | D:2      | Reached ** piety under Trog
  2425 | D:3      | Gained mutation: A weak demonic guardian rushes to your
                  | aid. [demonic ancestry]
  2425 | D:3      | Reached XP level 4. HP: 27/36 MP: 4/4
  2621 | D:3      | Noticed Robin
  2630 | D:3      | Killed Robin
  3002 | D:3      | Noticed Grinder
  3010 | D:3      | Killed Grinder
  3011 | D:3      | Reached skill level 1 in Stealth
  3011 | D:3      | Gained mutation: You have a moderately thin skeletal
                  | structure. (Dex +4, Stealth++) [demonic ancestry]
  3011 | D:3      | Reached XP level 5. HP: 42/42 MP: 5/5
  3011 | D:3      | Gained mutation: A demonic guardian rushes to your aid.
                  | [demonic ancestry]
  3011 | D:3      | Reached XP level 6. HP: 48/48 MP: 6/6
  3885 | D:4      | Reached skill level 5 in Axes
  3892 | D:4      | Reached skill level 1 in Short Blades
  3941 | D:4      | Found a staircase to the Ecumenical Temple.
  3949 | Temple   | Entered the Ecumenical Temple
  4314 | D:4      | Gained mutation: A meltable shield of frost defends you.
                  | (SH +4) [demonic ancestry]
  4314 | D:4      | Reached XP level 7. HP: 54/54 MP: 7/7
  4703 | D:4      | Noticed Pikel
  4713 | D:4      | Killed Pikel
  4714 | D:4      | Reached XP level 8. HP: 60/60 MP: 8/8
  5282 | D:4      | Found Ibbiacuv's General Store.
  5400 | D:5      | Entered Level 5 of the Dungeon
  5703 | D:5      | Reached skill level 1 in Shields
  5812 | D:5      | Reached skill level 5 in Short Blades
  6100 | D:5      | Reached *** piety under Trog
  6333 | D:5      | Reached skill level 5 in Fighting
  6371 | D:5      | Found a runed translucent door.
  6374 | D:5      | Noticed ArthurDent's ghost (novice HOFi)
  6384 | D:5      | Reached XP level 9. HP: 68/68 MP: 9/9
  6399 | D:5      | Killed ArthurDent's ghost
  6400 | D:5      | Reached skill level 5 in Stealth
  6954 | D:6      | Noticed Edmund
  6965 | D:6      | Killed Edmund
  6966 | D:6      | Reached skill level 5 in Armour
  7819 | D:7      | Reached skill level 1 in Maces & Flails
  7892 | D:7      | Noticed Harold
  7896 | D:7      | Noticed Menkaure
  7909 | D:7      | Killed Harold
  7910 | D:7      | Reached skill level 3 in Maces & Flails
  7913 | D:7      | Killed Menkaure
  8041 | D:7      | Reached XP level 10. HP: 17/76 MP: 10/10
  8310 | D:7      | Reached skill level 4 in Maces & Flails
  8437 | D:7      | Noticed Prince Ribbit
  8445 | D:7      | Killed Prince Ribbit
  8462 | D:7      | Noticed Maggie
  8474 | D:7      | Killed Maggie
  9097 | D:8      | Found Ticorghe's General Store.
  9102 | D:8      | Bought a scroll of blinking for 97 gold pieces
  9195 | D:8      | Reached skill level 5 in Maces & Flails
  9661 | D:8      | Reached skill level 6 in Maces & Flails
  9920 | D:8      | Reached **** piety under Trog
 10784 | D:9      | Reached skill level 7 in Maces & Flails
 11261 | D:10     | Entered Level 10 of the Dungeon
 11263 | D:10     | Found a shimmering blue altar of Sif Muna.
 11328 | D:10     | Reached XP level 11. HP: 64/84 MP: 11/11
 11414 | D:10     | Noticed a two-headed ogre
 11421 | D:10     | Killed a two-headed ogre
 11464 | D:10     | Reached skill level 8 in Maces & Flails
 11519 | D:10     | Upgraded the game from 0.28-a0-1395-g4f6bc678fa to
                  | 0.28-a0-1404-g4df0f3684d
 11606 | D:10     | Found Fios's Assorted Antiques.
 11612 | D:10     | Bought a red potion for 27 gold pieces
 11612 | D:10     | Bought a wand of flame (8) for 30 gold pieces
 11612 | D:10     | Bought a scroll labelled ZOUCEBB AWATE for 30 gold pieces
 11612 | D:10     | Bought a lumpy yellow potion for 27 gold pieces
 11623 | D:10     | Noticed Erica
 11640 | D:10     | Killed Erica
 11947 | D:10     | Found a staircase to the Lair.
 12377 | Lair:1   | Entered Level 1 of the Lair of Beasts
 12482 | Lair:1   | Reached skill level 9 in Maces & Flails
 12678 | Lair:1   | Noticed a four-headed hydra
 12688 | Lair:1   | Killed a four-headed hydra
 13344 | Lair:1   | Gained mutation: You have a pair of antennae on your head.
                  | [demonic ancestry]
 13344 | Lair:1   | Reached XP level 12. HP: 88/94 MP: 12/12
 13578 | Lair:2   | Reached skill level 10 in Maces & Flails
 14167 | Lair:3   | Noticed an eight-headed hydra
 14206 | Lair:3   | Killed an eight-headed hydra
 14357 | Lair:3   | Reached skill level 11 in Maces & Flails
 14590 | Lair:3   | Found a hole to the Spider Nest.
 14635 | Spider:1 | Entered Level 1 of the Spider Nest
 15154 | Spider:1 | Reached skill level 5 in Dodging
 15166 | Spider:1 | Noticed an entropy weaver
 15170 | Spider:1 | HP: 4/97 [culicivora (5)]
 15170 | Spider:1 | Slain by a tarantella

Illustrated notes

Levels and vault maps discovered:
D:1:      elethiomel_arrival_shortcut, layout_basic, basic_ecumenical_altar
D:2:      layout_basic, basic_altar
D:3:      layout_basic, serial_forest, infiniplex_forest_end_2,
          infiniplex_forest_clump_medium, infiniplex_forest_straight_2,
          infiniplex_forest_lined_ring, infiniplex_forest_end_1,
          infiniplex_forest_straight_1, infiniplex_forest_clump_large,
          infiniplex_forest_clump_small, infiniplex_forest_lined_4_way,
          uniq_grinder, uniq_robin
D:4:      layout_basic, minmay_temple_entry_proselytizer, serial_shops,
          nicolae_lakefront_shop, uniq_pikel
D:5:      layout_basic, ebering_ghost_inner_flame, minmay_pentangle
D:6:      layout_loops_corners, palyth_stone_intersect, uniq_edmund
D:7:      layout_layer_cave, chequers_serial_rivers_room_b, uniq_maggie,
          uniq_menkaure, uniq_prince_ribbit1, uniq_harold
D:8:      kennysheep_housing_project, layout_loops_cross, serial_shops, shop
D:9:      layout_long_grid
D:10:     layout_stronghold, amcnicky_altar_gilded, minmay_lair_entry_grove,
          serial_shops, shop, uniq_erica
D:11:     layout_basic, orc_david_3
Temple:   mainiacjoe_temple_circle_huts
Lair:1:   layout_cave_pods, minivault_27, grunt_megastairs_4
Lair:2:   layout_misc_corridors, ice2_lemuel
Lair:3:   layout_long_grid, nicolae_spider_entry_orb_guardian
Spider:1: layout_spider_delve

Skill      XL: |  1  2  3  4  5  6  7  8  9 10 11 12 |
---------------+-------------------------------------+-----
Axes           | 3 4 5 |  5.2
Dodging        | 2 3 4 5 |  5.1
Armour         | 2 3 4 5 6 7 |  7.5
Stealth        | 1 2 3 4 5 6 7 |  7.0
Short Blades   | 1 3 5 6 |  6.1
Fighting       | 4 5 6 7 8 9 |  9.7
Shields        | 1 2 3 |  3.6
Maces & Flails | 3 7 9 11 | 11.6

Action                   |  1- 3 |  4- 6 |  7- 9 | 10-12 || total
-------------------------+-------+-------+-------+-------++-------
Melee: Hand axe          |   119 |    23 |       |       ||   142
       Dagger            |       |    58 |   151 |       ||   209
       Dire flail        |       |       |    46 |   490 ||   536
Invok: Berserk           |     2 |     6 |     8 |    25 ||    41
       Trog's Hand       |       |       |       |     3 ||     3
  Use: Scroll            |       |       |     5 |    13 ||    18
       Potion            |       |       |     2 |     6 ||     8
 Stab: Sleeping          |     3 |     6 |    16 |    24 ||    49
       Distracted        |       |       |     1 |     2 ||     3
Armor: Animal skin       |     4 |       |       |       ||     4
       Ring mail         |    43 |    21 |    59 |    67 ||   190
       Skin              |       |       |     5 |       ||     5
       Scale mail        |       |       |       |   136 ||   136
Dodge: Dodged            |    75 |    32 |    70 |   316 ||   493
Block: Other             |       |       |    28 |    78 ||   106

Table legend: (Time is in decaauts)
 A = Elapsed time spent in this place.
 B = Non-inter-level travel time spent in this place.
 C = Inter-level travel time spent in this place.
 D = Time resting spent in this place.
 E = Time spent auto-exploring this place.
 F = Levels seen in this place.
 G = Mean time per level.
                   A        B        C        D        E       F      G
               +--------+--------+--------+--------+--------+-----+--------+
         Total |  15474 |  15023 |    451 |   2226 |   9866 |  16 |  967.1 |
       Dungeon |  12360 |  12035 |    325 |   1885 |   7959 |  11 | 1123.6 |
        Temple |    329 |    314 |     15 |      0 |    274 |   1 |  329.0 |
          Lair |   2719 |   2608 |    111 |    341 |   1626 |   3 |  906.3 |
   Spider Nest |     64 |     64 |      0 |      0 |      7 |   1 |   64.0 |
               +--------+--------+--------+--------+--------+-----+--------+

Top non-repeatable levels by time:
     D:3: 1556 daAuts
     D:5: 1523 daAuts
     D:8: 1427 daAuts
     D:4: 1288 daAuts
     D:7: 1282 daAuts
     D:1: 1224 daAuts
    D:10: 1198 daAuts
  Lair:3: 1185 daAuts
     D:2: 1115 daAuts
  Lair:1: 1100 daAuts
     D:6: 870 daAuts
     D:9: 870 daAuts
  Lair:2: 433 daAuts
  Temple: 329 daAuts
Spider:1: 64 daAuts
